 Dungeon Crawl Stone Soup version 0.29.1-12-g30fa7ad0bf (webtiles) character file.

Game seed: 7063975410522893897

68294 wingedge the Eclecticist (level 14, -17/111 HPs)
             Began as a Mummy Earth Elementalist on Dec 19, 2022.
             Was a High Priest of Vehumet.
             Killed from afar by an ogre mage (29 damage)
             ... with a bolt of magma
             ... on level 2 of the Orcish Mines.
             The game lasted 01:25:04 (26405 turns).

wingedge the Eclecticist (MuEE)                    Turns: 26405, Time: 01:25:04

Health: -17/111    AC: 19    Str: 12    XL:     14   Next: 86%
Magic:  33/33      EV: 11    Int: 18    God:    Vehumet [*****.]
Gold:   2060       SH:  0    Dex: 13    Spells: 6/43 levels left

rFire   . . .      SeeInvis +   a - +7 arbalest "Ponwoam" {flame, Stlth+}
rCold   + + .      Faith    .   (shield currently unavailable)
rNeg    + + +      Spirit   .   Z - quicksilver dragon scales of Complete Protection {Fly rElec Will+ rCorr}
rPois   ∞          Reflect  .   x - +1 hat {Will+}
rElec   +          Harm     .   g - +1 cloak
rCorr   +          Rampage  .   J - +2 pair of gloves
Will    +++..                   S - +1 pair of boots "Rucvoc" {rC+}
Stlth   ++........              B - amulet of magic regeneration
HPRegen 0.28/turn               R - ring of see invisible
MPRegen 0.63/turn               I - ring of protection from fire

@: flying
A: cold resistance 1, negative energy resistance 3, torment resistance 2, heat
vulnerability 1, in touch with death 2, no potions
a: Renounce Religion


You were on level 2 of the Orcish Mines.
You worshipped Vehumet.
Vehumet was extremely pleased with you.
You visited 4 branches of the dungeon, and saw 19 of its levels.
You also visited: Bailey and Ice Cave.

You collected 3494 gold pieces.
You spent 1434 gold pieces at shops.

Inventory:

Hand Weapons
 a - the +7 arbalest "Ponwoam" (weapon) {flame, Stlth+}
   (You took it off a tengu warrior on level 9 of the Dungeon)

   Any ammunition fired from it burns those it strikes, dealing additional fire
   damage.
   Stlth:     It makes you more stealthy.
 b - a +2 broad axe of freezing
 h - the +7 spear of Ybuf {drain, rElec rC+ Will+ Str+2}
   (You found it on level 5 of the Lair of Beasts)

   A truly terrible weapon, it drains the life of any living foe it strikes.
   Str:       It affects your strength (+2).
   rC:        It protects you from cold.
   rElec:     It insulates you from electricity.
   Will:      It increases your willpower.
Missiles
 L - 5 throwing nets
Armour
 g - a +1 cloak (worn)
 i - a scarf of shadows
 x - a +1 hat of willpower (worn)
 J - a +2 pair of gloves (worn)
 S - the +1 pair of boots "Rucvoc" (worn) {rC+}
   (You found it on level 2 of the Dungeon)

   rC:        It protects you from cold.
 U - a +1 buckler of cold resistance
 Z - the quicksilver dragon scales of Complete Protection (worn) {Fly rElec Will+ rCorr}
   (You bought it in a shop on level 11 of the Dungeon)

   rElec:     It insulates you from electricity.
   Fly:       It grants you flight.
   rCorr:     It protects you from acid and corrosion.
   Will:      It increases your willpower.
Magical Staves
 c - a staff of cold
 o - a staff of conjuration
Jewellery
 r - an amulet of regeneration
 B - an amulet of magic regeneration (around neck)
 I - a ring of protection from fire (right hand)
 Q - a +4 ring of evasion
 R - a ring of see invisible (left hand)
Wands
 w - a wand of paralysis (3)
 y - a wand of light (3)
 E - a wand of flame (23)
 T - a wand of digging (4)
 Y - a wand of roots (1)
Scrolls
 f - a scroll of amnesia
 n - 2 scrolls of enchant weapon
 t - 6 scrolls of teleportation
 v - a scroll of fear
 F - 2 scrolls of blinking
 G - 2 scrolls of magic mapping
 H - 2 scrolls of butterflies
 K - 4 scrolls of identify
 N - a scroll of poison
 O - a scroll of summoning
 V - 3 scrolls of torment
 X - 2 scrolls of immolation
Potions
 d - 2 potions of flight {unknown}
 e - a potion of cancellation {unknown}
 j - 4 potions of degeneration {unknown}
 k - 6 potions of brilliance
 l - 3 potions of ambrosia {unknown}
 m - 3 potions of haste
 p - 2 potions of heal wounds {unknown}
 q - 3 potions of might {unknown}
 s - 3 potions of curing
 u - 5 potions of attraction {unknown}
 z - a potion of experience {unknown}
 C - 4 potions of mutation
 M - a potion of resistance {unknown}
 W - 2 potions of magic {unknown}
Miscellaneous
 P - a box of beasts


   Skills:
 + Level 10.6 Fighting
 + Level 9.8 Ranged Weapons
 - Level 4.0 Armour
 - Level 4.0 Dodging
 - Level 2.0 Stealth
 - Level 15.0 Spellcasting
 + Level 6.7 Conjurations
 - Level 3.0 Hexes
 - Level 3.0 Summonings
 + Level 6.3 Necromancy
 - Level 3.0 Translocations
 - Level 0.7 Transmutations
 - Level 4.0 Fire Magic
 - Level 6.0 Ice Magic
 + Level 5.1 Air Magic
 + Level 4.3 Earth Magic


You had 6 spell levels left.
You knew the following spells:

 Your Spells              Type           Power      Damage    Failure   Level
a - Sandblast             Erth           58%        2d13      1%          1
b - Stone Arrow           Conj/Erth      66%        3d11      1%          3
c - Mephitic Cloud        Conj/Pois/Air  27%        N/A       1%          3
d - Flame Wave            Conj/Fire      32%        2d9       3%          4
e - Ozocubu's Armour      Ice            35%        N/A       2%          3
f - Conjure Ball Lightni  Conj/Air       17%        3x3d6     32%         6
g - Iskenderun's Mystic   Conj/Tloc      31%        2d8       4%          4
h - Freezing Cloud        Conj/Ice/Air   17%        6-21      7%          5
i - Portal Projectile     Hex/Tloc       48%        N/A       9%          3
j - Borgnjor's Vile Clut  Necr/Erth      32%        N/A       30%         5

Your spell library contained the following spells:

 Spells                   Type           Power      Damage    Failure   Level
 Fireball                 Conj/Fire      16%        3d8       9%          5
 Freeze                   Ice            100%       1d11      1%          1
 Scorch                   Fire           54%        2d7       1%          2
 Dazzling Flash           Conj/Hex       62%        N/A       1%          3
 Frozen Ramparts          Ice            70%        1d11      1%          3
 Hailstorm                Conj/Ice       36%        3d9       2%          4
 Ignite Poison            Fire/Tmut/Pois 19%        N/A       4%          3
 Passwall                 Tmut/Erth      18%        N/A       5%          2
 Animate Dead             Necr           69%        N/A       8%          4
 Call Canine Familiar     Summ           24%        N/A       9%          3
 Gell's Gravitas          Tloc           24%        N/A       9%          3
 Lesser Beckoning         Tloc           24%        N/A       9%          3
 Teleport Other           Tloc           24%        N/A       9%          3
 Tukima's Dance           Hex            24%        N/A       9%          3
 Summon Ice Beast         Ice/Summ       29%        N/A       16%         4
 Leda's Liquefaction      Hex/Erth       13%        N/A       22%         4
 Petrify                  Tmut/Erth      22%        N/A       34%         4
 Starburst                Conj/Fire      16%        6d6       38%         6
 Death Channel            Necr           34%        N/A       75%         6
 Simulacrum               Ice/Necr       34%        N/A       77%         6
 Dispersal                Tloc           12%        N/A       99%         6
 Summon Cactus Giant      Summ           12%        N/A       99%         6
 Ozocubu's Refrigeration  Ice            17%        4d11      83%         7
 Discord                  Hex            12%        N/A       100%        8
 Disjunction              Tloc           12%        N/A       100%        8
 Chain Lightning          Conj/Air       17%        3d22      100%        9
 Fire Storm               Conj/Fire      16%        8d4       100%        9
 Polar Vortex             Ice            17%        N/A       100%        9
 Shatter                  Erth           14%        3d14*     100%        9
 Ice Form                 Ice/Tmut       Unusable   N/A       N/A         4
 Blade Hands              Tmut           Unusable   N/A       N/A         5

Dungeon Overview and Level Annotations

Branches:
Dungeon (11/15)            Temple (1/1) D:5            Lair (5/5) D:10
  Swamp (0/4) Lair:2        Snake (0/4) Lair:2        Slime (0/5) Lair:4
    Orc (2/2) D:9             Elf (0/3) Orc:2        Bailey (visited)
  IceCv (visited)

Altars:
Ashenzari
Cheibriados
Dithmenos
Fedhas
Gozag
Hepliaklqana
Kikubaaqudgha
Makhleb
Nemelex Xobeh
Okawaru
Qazlal
Ru
Sif Muna
Trog
Uskayaw
Vehumet
Wu Jian
Xom
Yredelemnul
Jiyva

Shops:
D:11 *[   Orc:1 *

Annotations:
D:3 1 runed translucent door, sigtrap's ghost, amateur SpAM


Innate Abilities, Weirdness & Mutations

You are immune to poison.
Your flesh is cold resistant. (rC+)
You are immune to negative energy. (rN+++)
You are immune to unholy pain and torment.
You are vulnerable to heat. (rF-)
You are strongly in touch with the powers of death.
You do not drink.


Message History

Confirm with . or Enter, or press ? or * to list all spells.
Aiming: Freezing Cloud (dangerous; 7% risk of failure)
Press: ? - help, Dir - move target, f - orc
Aim: an orc, wielding a +0 mace and wearing a +0 chain mail (confused)
The ogre is engulfed in freezing vapours.
The two-headed ogre is engulfed in freezing vapours.
The orc is engulfed in freezing vapours.
You kill the orc!
Vehumet accepts your kill.
You feel your power returning. Something hits you.
Something tries to affect you, but you resist.
Unknown command.
Unknown command.
Casting: Freezing Cloud (dangerous; 7% risk of failure)
Confirm with . or Enter, or press ? or * to list all spells.
Okay, then.
As you read the scroll of fear, it crumbles to dust.
You assume a fearsome visage.
The ogre looks frightened!
The two-headed ogre looks frightened!
The ogre looks frightened!
The two-headed ogre looks frightened!
The ogre looks frightened!
The orc looks frightened!
Something hits you.
The ogre cowers, then darts away.
Something hits you. Something barely misses you.
You hear some strange, mumbled words.
A bolt of magma appears from out of thin air!
The bolt of magma hits you!!
* * * LOW HITPOINT WARNING * * *
You hear some strange, mumbled words.
A bolt of magma appears from out of thin air!
The bolt of magma hits you but does no damage.
You're wearing all the rings you can.
Remove which one? (? for menu, Esc to cancel) < or
Q - a +4 ring of evasion; > or
I - a ring of protection from fire You remove your +4 ring of evasion.
Reactivating autopickup.
R - a ring of see invisible (left hand)
The ogre mage points at you and mumbles some strange words.
The bolt of magma hits you!!
You die...

.....#.#.......##
....####....#...##
...###...........##
....#.............#
...#.....#........#
.........#.....#O## ##
......#...#....#.###.##
.##...#....##.........#
..##.#.....###..@....##
..#####.....###....###
...# ##.#.###.....#
#.## ######.....## ##
##.#...# ###....#
##..## ###


You could see an ogre mage (fast, invisible).

Vanquished Creatures
  Gastronok (Lair:3)
  Harold (D:10)
  A boulder beetle (D:9)
  2 hydras
  An ogre mage (Orc:2)
  A death knight (D:8)
  2 centaur warriors (D:9)
  15 two-headed ogres
  A tengu warrior (D:9)
  3 death yaks (Lair:5)
  Amaemon (Lair:2)
  A skeletal warrior (D:10)
  A deep troll (D:10)
  A necromancer (IceCv)
  A lindwurm (Lair:5)
  3 orc knights
  2 orc sorcerers (Orc:1)
  An ugly thing (D:9)
  2 cyclopes
  2 manticores (D:9)
  An elephant (Lair:5)
  An ice statue (IceCv)
  8 cane toads
  A torpor snail (Lair:5)
  2 black mambas
  An orange demon (Lair:2)
  3 freezing wraiths (IceCv)
  A rime drake (Lair:2)
  An unseen horror zombie (D:10)
  2 anaconda simulacra (IceCv)
  5 komodo dragons
  14 ice devils
  5 polar bears
  A merfolk (D:9)
  2 trolls
  4 hornets (Lair:5)
  A dream sheep (Lair:5)
  26 blink frogs
  A slime creature (D:9)
  13 spriggans (Lair:5)
  5 vampires (D:10)
  Eustachio (D:5)
  7 wraiths (D:10)
  2 wyverns (Lair:1)
  9 shadows
  23 yaks
  A dire elephant simulacrum (IceCv)
  5 basilisks
  2 death yak simulacra (IceCv)
  A steam dragon (D:10)
  A naga (Lair:2)
  2 harpy simulacra (IceCv)
  A warg (Orc:1)
  13 water moccasins
  2 acid dragons
  3 hydra simulacra (IceCv)
  An ice beast (D:5)
  15 orc warriors
  6 black bears
  5 boggarts (Lair:5)
  3 sky beasts (D:7)
  11 ogres
  36 wolves
  5 centaurs
  2 phantoms
  7 kobold brigands
  3 bullfrogs
  A gnoll sergeant (D:8)
  7 cane toad simulacra (IceCv)
  A scorpion (D:5)
  5 wights
  28 killer bees
  2 howler monkeys (D:9)
  6 electric eels
  A crimson imp (D:4)
  10 centaur zombies (D:10)
  2 hounds
  2 jellies
  18 orc priests
  4 iguanas (D:5)
  Natasha (twice) (D:2)
  4 hell rats (Lair:3)
  15 orc wizards
  3 polar bear simulacra (IceCv)
  A troll simulacrum (IceCv)
  2 spriggan simulacra (IceCv)
  7 wolf simulacra (IceCv)
  A howler monkey zombie (D:10)
  9 gnolls
  3 adders
  A naga simulacrum (IceCv)
  A shadow imp (D:5)
  A white imp (IceCv)
  A howler monkey simulacrum (D:9)
  2 ufetubi
  5 worms
  4 dart slugs
  44 orcs
  8 ball pythons
  6 bats
  7 endoplasms
  3 giant cockroaches
  6 goblins
  6 hobgoblins
  4 quokkas
  2 frilled lizards (D:1)
  2 goblin skeletons (D:4)
  2 goblin zombies (D:4)
  18 kobolds
  4 orc skeletons (D:4)
  9 rats
578 creatures vanquished.

Vanquished Creatures (collateral kills)
  An orc warrior (D:9)
  A wolf simulacrum (IceCv)
2 creatures vanquished.

Vanquished Creatures (others)
  A killer bee (D:7)
  63 fungi
  49 plants
  10 withered plants (D:10)
123 creatures vanquished.

Grand Total: 703 creatures vanquished

Notes
Turn   | Place    | Note
-------+----------+-------------------------------------------
     0 | D:1      | wingedge the Mummy Earth Elementalist began the quest for
                  | the Orb.
     0 | D:1      | Reached XP level 1. HP: 13/13 MP: 4/4
    87 | D:1      | Reached skill level 3 in Spellcasting
   188 | D:1      | Reached XP level 2. HP: 17/19 MP: 2/6
   438 | D:1      | Found a faded altar of an unknown god.
   539 | D:1      | Reached skill level 4 in Spellcasting
   879 | D:1      | Gained mutation: You are in touch with the powers of death.
                  | [Mummy growth]
   879 | D:1      | Reached XP level 3. HP: 24/24 MP: 5/8
  1519 | D:1      | Reached skill level 5 in Spellcasting
  1834 | D:2      | Reached skill level 1 in Fighting
  1988 | D:2      | Noticed Natasha
  1993 | D:2      | Killed Natasha
  1994 | D:2      | Reached XP level 4. HP: 27/32 MP: 5/11
  2159 | D:2      | Reached skill level 6 in Spellcasting
  2371 | D:2      | Learned a level 3 spell: Stone Arrow
  2393 | D:2      | Noticed Natasha
  2400 | D:2      | Killed Natasha
  2401 | D:2      | Reached XP level 5. HP: 25/37 MP: 7/13
  2609 | D:2      | Learned a level 3 spell: Mephitic Cloud
  2836 | D:2      | Identified the +1 pair of boots "Rucvoc" {rC+}
  2961 | D:3      | Found a runed translucent door.
  2964 | D:3      | Noticed sigtrap's ghost (amateur SpAM)
  2987 | D:3      | Reached skill level 1 in Conjurations
  3411 | D:3      | Identified the +1 dagger of the Caustic God {holy, rPois}
  3743 | D:4      | Reached XP level 6. HP: 43/43 MP: 8/15
  5014 | D:4      | Reached XP level 7. HP: 52/52 MP: 0/16
  5184 | D:4      | You fall into a shaft and drop 1 floor!
  5184 | D:5      | Entered Level 5 of the Dungeon
  5326 | D:5      | Found a transporter.
  5330 | D:5      | Found a transporter.
  5546 | D:5      | Found a staircase to the Ecumenical Temple.
  5555 | Temple   | Entered the Ecumenical Temple
  5856 | Temple   | Became a worshipper of Vehumet
  6286 | D:5      | Noticed Eustachio
  6291 | D:5      | Killed Eustachio
  6292 | D:5      | Reached skill level 7 in Spellcasting
  6300 | D:5      | Reached skill level 8 in Spellcasting
  6365 | D:5      | Reached skill level 1 in Air Magic
  6424 | D:5      | Reached XP level 8. HP: 58/58 MP: 12/20
  6476 | D:5      | Reached skill level 1 in Fire Magic
  6804 | D:5      | Learned a level 4 spell: Flame Wave
  7313 | D:6      | Identified a scroll of acquirement
  7315 | D:6      | Acquired 423 gold pieces
  7503 | D:6      | Learned a level 3 spell: Ozocubu's Armour
  7529 | D:6      | Reached skill level 5 in Conjurations
  7593 | D:6      | Reached skill level 1 in Ice Magic
  7892 | D:7      | Reached skill level 9 in Spellcasting
  7892 | D:7      | Reached XP level 9. HP: 35/63 MP: 2/22
  8078 | D:7      | Found a flagged portal.
  8089 | D:7      | Reached * piety under Vehumet
  8089 | D:7      | Offered knowledge of Magic Dart by Vehumet.
  8283 | Bailey   | Entered a bailey
  8341 | Bailey   | Reached skill level 5 in Fighting
  8783 | Bailey   | Found a bloodstained altar of Trog.
  8953 | D:7      | Reached skill level 10 in Spellcasting
  9527 | D:8      | Reached skill level 11 in Spellcasting
  9794 | D:8      | Reached ** piety under Vehumet
  9893 | D:8      | Offered knowledge of Freeze by Vehumet.
  9900 | D:8      | Reached XP level 10. HP: 32/76 MP: 21/25
  9902 | D:8      | Reached skill level 12 in Spellcasting
 11309 | D:9      | Noticed a two-headed ogre
 11315 | D:9      | Killed a two-headed ogre
 11316 | D:9      | Reached skill level 13 in Spellcasting
 11535 | D:9      | Noticed a two-headed ogre
 11543 | D:9      | Killed a two-headed ogre
 12191 | D:9      | Noticed a two-headed ogre
 12199 | D:9      | Noticed a purple ugly thing
 12201 | D:9      | Killed a two-headed ogre
 12211 | D:9      | Killed a purple ugly thing
 12260 | D:9      | Learned a level 3 spell: Call Canine Familiar
 12265 | D:9      | Learned a level 4 spell: Iskenderun's Mystic Blast
 12271 | D:9      | Learned a level 5 spell: Freezing Cloud
 12273 | D:9      | Found a staircase to the Orcish Mines.
 12424 | D:9      | Noticed a two-headed ogre
 12435 | D:9      | Killed a two-headed ogre
 12436 | D:9      | Reached skill level 1 in Translocations
 12436 | D:9      | Reached XP level 11. HP: 86/86 MP: 10/28
 12510 | D:9      | Noticed a boulder beetle
 12512 | D:9      | Noticed a death knight
 12522 | D:9      | Killed a boulder beetle
 12522 | D:9      | Noticed a centaur warrior
 12912 | D:8      | Killed a death knight
 13269 | D:9      | Noticed a centaur warrior
 13283 | D:9      | Killed a centaur warrior
 13295 | D:9      | Identified the +7 arbalest "Ponwoam" {flame, Stlth+}
 13295 | D:9      | Noticed a tengu warrior
 13478 | D:9      | Killed a tengu warrior
 13818 | D:9      | Killed a centaur warrior
 13819 | D:9      | Reached skill level 1 in Ranged Weapons
 13948 | D:10     | Entered Level 10 of the Dungeon
 14907 | D:10     | Noticed a two-headed ogre
 14913 | D:10     | Killed a two-headed ogre
 15166 | D:10     | Found a staircase to the Lair.
 15174 | D:10     | Reached skill level 5 in Ranged Weapons
 15178 | D:10     | Learned a level 3 spell: Portal Projectile
 15182 | D:10     | Noticed Harold
 15197 | D:10     | Killed Harold
 15198 | D:10     | Reached XP level 12. HP: 83/92 MP: 10/29
 15205 | D:10     | Reached skill level 1 in Summonings
 15206 | D:10     | Offered knowledge of Static Discharge by Vehumet.
 15334 | D:10     | Reached *** piety under Vehumet
 15861 | D:10     | Noticed a two-headed ogre
 15868 | D:10     | Killed a two-headed ogre
 15921 | D:10     | Offered knowledge of Hailstorm by Vehumet.
 15922 | D:10     | Reached skill level 14 in Spellcasting
 16565 | D:10     | Found a faded altar of an unknown god.
 16565 | D:10     | Found an opulent altar of Gozag.
 16573 | D:10     | Found an ancient bone altar of Kikubaaqudgha.
 16575 | D:10     | Found a hide-covered altar of Uskayaw.
 16577 | D:10     | Found a faded altar of an unknown god.
 16840 | D:11     | Noticed a two-headed ogre
 16855 | D:11     | Killed a two-headed ogre
 16856 | D:11     | Reached skill level 15 in Spellcasting
 16916 | D:11     | Found Hipar's General Store.
 16922 | D:11     | Bought 3 scrolls of fear for 132 gold pieces
 16953 | D:11     | Noticed a two-headed ogre
 16960 | D:11     | Killed a two-headed ogre
 16960 | D:11     | Reached **** piety under Vehumet
 17366 | D:11     | Found Keresaspa's Dragon-Slaying Spoils.
 17373 | D:11     | Bought the quicksilver dragon scales of Complete Protection
                  | {Fly rElec Will+ rCorr} for 1062 gold pieces
 17639 | Lair:1   | Entered Level 1 of the Lair of Beasts
 17677 | Lair:1   | Offered knowledge of Fulminant Prism by Vehumet.
 17689 | Lair:1   | Reached skill level 1 in Hexes
 17842 | Lair:1   | Reached skill level 1 in Armour
 18142 | Lair:1   | Gained mutation: You are strongly in touch with the powers
                  | of death. [Mummy growth]
 18142 | Lair:1   | Reached XP level 13. HP: 99/99 MP: 32/32
 18477 | Lair:2   | Found a frozen archway.
 18589 | IceCv    | Entered an ice cave
 19030 | IceCv    | Reached ***** piety under Vehumet
 19032 | IceCv    | Offered knowledge of Orb of Destruction by Vehumet.
 19138 | IceCv    | Found an ancient bone altar of Kikubaaqudgha.
 20095 | Lair:2   | Reached skill level 1 in Necromancy
 20165 | Lair:2   | Noticed Amaemon
 20175 | Lair:2   | Killed Amaemon
 20351 | Lair:2   | Found a staircase to the Snake Pit.
 20365 | Lair:2   | Found a staircase to the Swamp.
 20456 | Lair:2   | Identified the +3 chain mail "Culenie" {Str+3 Int-5 Dex+3}
 20985 | Lair:3   | Noticed Gastronok
 20993 | Lair:3   | Killed Gastronok
 21141 | Lair:3   | Identified the +2 ring mail of Peek-a-Boo {rPois rCorr}
 21642 | Lair:4   | Found a staircase to the Slime Pits.
 21692 | Lair:4   | Reached skill level 10 in Fighting
 21694 | Lair:4   | Reached skill level 5 in Ice Magic
 21848 | Lair:4   | Identified the +8 chain mail of the Kettle-Drum {rPois rC+
                  | Str+3 Slay+2}
 21857 | Lair:4   | Found a viscous altar of Jiyva.
 21881 | Lair:4   | Found an ornate altar of the Wu Jian Council.
 22407 | Lair:4   | Identified the ring "Liob" {Fire Str+2}
 22664 | Lair:5   | Entered Level 5 of the Lair of Beasts
 22675 | Lair:5   | Reached XP level 14. HP: 106/110 MP: 26/33
 22678 | Lair:5   | Offered knowledge of Iskenderun's Battlesphere by Vehumet.
 23338 | Lair:5   | Learned a level 6 spell: Conjure Ball Lightning
 23426 | Lair:5   | Reached skill level 5 in Necromancy
 23443 | Lair:5   | Learned a level 5 spell: Borgnjor's Vile Clutch
 24784 | Lair:5   | Identified the +7 spear of Ybuf {drain, rElec rC+ Will+
                  | Str+2}
 25096 | Orc:1    | Entered Level 1 of the Orcish Mines
 25112 | Orc:1    | Found Tooxteo's Assorted Antiques.
 25120 | Orc:1    | Bought a runed scarf for 240 gold pieces
 25243 | Orc:1    | Offered knowledge of Fireball by Vehumet.
 25463 | Orc:2    | Entered Level 2 of the Orcish Mines
 25463 | Orc:2    | Found a staircase to the Elven Halls.
 25696 | Orc:2    | Reached skill level 5 in Air Magic
 26405 | Orc:2    | Killed from afar by an ogre mage

Illustrated notes

Levels and vault maps discovered:
D:1:      dpeg_arrival_subterranean_lakeside_camping, layout_loops_cross,
          hellmonk_ecumenical_altar_slurped_away, minmay_pentomino_o2
D:2:      layout_basic, minmay_goblin_kobold_house, uniq_natasha
D:3:      layout_basic, ebering_ghost_reflecting_pool,
          dreamdust_mushroom_princess, grunt_ministairs_3
D:4:      layout_rooms, nicolae_tso_besieged_by_evil
D:5:      gammafunk_steamed_eel, layout_cave_pods, minmay_temple_entry_ruins,
          grunt_ministairs_5, dk_noncrumbling_4, uniq_eustachio
D:6:      nicolae_cairo_tiling_very_big, layout_cave_pools,
          minmay_misc_feat_more_columns, grunt_ministairs_2
D:7:      layout_loops_ring, zin_statuary, enter_bailey_6
D:8:      layout_layer_cave
D:9:      minmay_the_grid_triangle_9x9_rhombus_thin
          [minmay_the_grid_triangle_9x9_zippers_vertical,
          minmay_the_grid_triangle_9x9_prize_schism,
          minmay_the_grid_triangle_9x9_intruding_spiral,
          minmay_the_grid_triangle_9x9_flanged_cone], layout_grid_maze,
          st_stairs_4, hangedman_fish_farm
D:10:     nzn_winding_woodlands_three_and_one
          [nzn_winding_woodlands_5x15_pathside_ponds,
          nzn_winding_woodlands_5x15_pockets,
          nzn_winding_woodlands_5x15_sawtooth,
          nzn_winding_woodlands_center_diamonds], layout_loops_corners,
          chequers_temple_overflow_minitemple, serial_undead, serial_undead_f,
          serial_undead_b, serial_undead_d, serial_undead_e, serial_undead_f,
          serial_undead_a, serial_undead_a, uniq_harold
D:11:     layout_basic, serial_shops, shop, nicolae_shop_dragon_depot,
          nicolae_concentric_dashed_squares_mild
Temple:   minmay_temple_bridge_d
Lair:1:   layout_chaotic_city, lemuel_fruit_fields, grunt_megastairs_3
Lair:2:   layout_regular_city, swamp_mist, guppyfry_snake_entry_island,
          portal_ice_cave_demonic_guard, small_statue_intersection,
          infiniplex_staircase_pool_2, uniq_amaemon
Lair:3:   layout_roguey, uniq_gastronok
Lair:4:   layout_loops_ring, slime_entry_1, basic_altar
Lair:5:   minmay_lair_end_enchanted_forest, layout_small_grid,
          lemuel_fruit_fields
Orc:1:    layout_diamond_mine, basic_altar, ebering_ghost_xom, serial_shops,
          shop
Orc:2:    st_orc_ogre_mass, layout_caves, enter_volcano_1

Skill      XL: |  1  2  3  4  5  6  7  8  9 10 11 12 13 14 |
---------------+-------------------------------------------+-----
Spellcasting   | 3 4 5 6 8 9 11 13 15 | 15.0
Fighting       | 1 3 6 8 10 | 10.6
Earth Magic    | 3 4 |  4.3
Conjurations   | 2 3 5 6 |  6.7
Dodging        | 2 4 |  4.0
Stealth        | 2 |  2.0
Air Magic      | 1 2 4 5 |  5.1
Fire Magic     | 3 4 |  4.0
Ice Magic      | 2 4 5 6 |  6.0
Translocations | 1 3 |  3.0
Ranged Weapons | 5 7 8 9 |  9.8
Summonings     | 3 |  3.0
Hexes          | 1 3 |  3.0
Armour         | 1 4 |  4.0
Necromancy     | 3 6 |  6.3
Transmutations | |  0.7

Action                   |  1- 3 |  4- 6 |  7- 9 | 10-12 | 13-15 || total
-------------------------+-------+-------+-------+-------+-------++-------
Melee: Dagger            |    44 |     2 |    50 |       |       ||    96
       Club              |     1 |       |       |       |       ||     1
       Spear             |       |       |     7 |    25 |       ||    32
       Punch             |       |       |     1 |     1 |       ||     2
       Arbalest          |       |       |       |     1 |       ||     1
 Fire: Arbalest          |       |       |       |   173 |   340 ||   513
 Cast: Sandblast         |    60 |    43 |     3 |       |       ||   106
       Stone Arrow       |       |    46 |   123 |   157 |    54 ||   380
       Mephitic Cloud    |       |       |    18 |    35 |     5 ||    58
       Flame Wave        |       |       |    10 |    38 |    39 ||    87
       Ozocubu's Armour  |       |       |     3 |    16 |    16 ||    35
       Call Canine Famil |       |       |       |     1 |     4 ||     5
       Freezing Cloud    |       |       |       |     4 |    60 ||    64
       Iskenderun's Myst |       |       |       |     1 |     3 ||     4
       Portal Projectile |       |       |       |       |     1 ||     1
       Borgnjor's Vile C |       |       |       |       |     1 ||     1
Evoke: Wand              |       |       |     8 |       |       ||     8
  Use: Scroll            |       |       |    11 |     5 |    15 ||    31
 Stab: Confused          |       |       |     6 |     1 |       ||     7
Armor: Robe              |    14 |     5 |    33 |    15 |       ||    67
       Steam dragon scal |       |       |       |    88 |       ||    88
       Quicksilver drago |       |       |       |     8 |   134 ||   142
Dodge: Dodged            |    27 |    17 |    89 |   239 |   258 ||   630
